 Dungeon Crawl Stone Soup version 0.25-a0-834-g55863b0 (webtiles) character file.

Game seed: 13013785924210719041, levelgen mode: deterministic

49 Faca the Skirmisher (level 3, -2/33 HPs)
             Began as a Draconian Berserker on Apr 22, 2020.
             Was a Believer of Trog.
             Slain by an adder (5 damage)
             ... on level 2 of the Dungeon.
             The game lasted 00:02:03 (1100 turns).

Faca the Skirmisher (Draconian Berserker)           Turns: 1100, Time: 00:02:04

Health: -2/33      AC:  6    Str: 20    XL:     3   Next: 51%
Magic:  3/3        EV:  9    Int:  7    God:    Trog [**....]
Gold:   98         SH:  7    Dex: 10    Spells: 2/2 levels left

rFire    . . .     SeeInvis .   a - +0 falchion
rCold    . . .     Gourm    .   g - +0 kite shield
rNeg     . . .     Faith    .   (armour unavailable)
rPois    .         Spirit   .   (helmet restricted)
rElec    .         Reflect  .   (no cloak)
rCorr    .         Harm     .   (no gloves)
MR       ++...                  h - +0 pair of boots
Stlth    +.........             j - amulet of the acrobat
HPRegen  1.11/turn              (no ring)
MPRegen  0.08/turn              (no ring)

@: lethally poisoned (-2 -> -3), regenerating
A: unfitting armour, cold-blooded, AC +5
a: Berserk, Trog's Hand, Renounce Religion


You were on level 2 of the Dungeon.
You worshipped Trog.
Trog was pleased with you.
You were not hungry.

You visited 1 branch of the dungeon, and saw 2 of its levels.

You collected 98 gold pieces.

Inventory:

Hand Weapons
 a - a +0 falchion (weapon)
Armour
 g - a +0 kite shield (worn)
 h - a +0 pair of boots (worn)
Jewellery
 j - an amulet of the acrobat (around neck)
Scrolls
 d - a scroll of remove curse
Potions
 c - 2 potions of resistance
 e - a potion of ambrosia
 f - 2 potions of curing
Comestibles
 b - 3 rations
 i - 8 chunks of flesh


   Skills:
 + Level 4.2 Fighting
 + Level 3.9 Long Blades
 - Level 2.6 Dodging


You had 2 spell levels left.
You didn't know any spells.
Your spell library was empty.

Dungeon Overview and Level Annotations

Branches:
Dungeon (2/15)

Altars:
Qazlal


Innate Abilities, Weirdness & Mutations

Your plain brown scales are hard. (AC +5)
You cannot fit into any form of body armour.
You are cold-blooded and may be slowed by cold attacks.


Message History

The kobold closely misses you.
You are too injured to fight recklessly!
You feel very sick.
You feel sick.
You hit the rat.
You kill the rat!
Trog accepts your kill.
* * * LOW HITPOINT WARNING * * *
You feel sick. You block the adder's attack.
Your skin crawls.
You feel resistant to hostile enchantments.
You feel quite a bit more hungry.
You feel sick. The adder bites you.
* * * LOW HITPOINT WARNING * * *
You barely miss the adder.
You feel sick. You block the adder's attack.
You miss the adder.
You feel sick. The adder bites you but does no damage.
You block the adder's attack.
You closely miss the adder. You tail-slap the adder.
The adder is heavily wounded.
You feel sick. The adder bites you but does no damage. The adder bites you.
You die...

#..>.### ##.......###..#########
####...##########..##.#####.....
###...### ###....##....####
###...### #.........#######
###...###.##.#.......##..
###.).#.##.#######.....
###.<.##.### ####.. ###)......#
##. ###KS@###.#..# #. #...###
#.##.# #. ...........#..#
.########. ####.........## .
...##.. ......#####.. # #.#..#
......... ##. #...## ##..###.#
...#####.### #.. ..# ........#
#. ... ###...#..####


You could see an adder and a kobold.

Vanquished Creatures
  An ooze (D:1)
  A worm (D:2)
  A dart slug (D:1)
  A leopard gecko (D:1)
  5 bats
  A giant cockroach (D:1)
  7 goblins
  8 hobgoblins
  3 kobolds
  A quokka (D:2)
  2 ball pythons (D:1)
  2 frilled lizards (D:2)
  3 rats
36 creatures vanquished.

Notes
Turn   | Place    | Note
-------+----------+-------------------------------------------
     0 | D:1      | Faca the Draconian Berserker began the quest for the Orb.
     0 | D:1      | Reached XP level 1. HP: 19/19 MP: 1/1
    52 | D:1      | Reached XP level 2. HP: 16/26 MP: 2/2
   600 | D:1      | Reached skill level 4 in Fighting
   741 | D:1      | Reached XP level 3. HP: 33/33 MP: 3/3
   886 | D:2      | Reached ** piety under Trog
   980 | D:2      | Found a stormy altar of Qazlal.
   982 | D:2      | Noticed an earth elemental
  1100 | D:2      | Slain by an adder

Levels and vault maps discovered:
D:1:      tarquinn_simple_flora_water_e, layout_loops_cross, st_stairs_10,
          roderic_lattice_a, hangedman_decor_growths
D:2:      layout_rooms, nicolae_qazlal_style_of_elements, lemuel_doored_altar,
          nicolae_overflow_crystal_walls

Skill      XL: |  1  2 |
---------------+-------+-----
Fighting       | 4 |  4.2
Long Blades    | |  3.9
Dodging        | |  2.6

Action                   || total
-------------------------++-------
Melee: Falchion          ||    83
       Tailslap          ||    10
Invok: Trog's Hand       ||     1
  Use: Scroll            ||     5
  Eat: Chunk             ||     1
Armor: Skin              ||    30
Dodge: Dodged            ||    51
Block: Kite shield       ||    28
       Rpst.: Falchion   ||    15

Table legend:
 A = Non-vault XP
 B = Vault XP
 C = Vault XP percentage of total XP
 D = Non-vault monster count
 E = Vault monster count
 F = Vault count percentage of total count
                 A         B        C        D         E       F
            +---------+---------+-------+---------+---------+-------
      Total |      62 |       8 |  11.4 |      32 |       4 |  11.1
            +---------+---------+-------+---------+---------+-------
        D:1 |      33 |       8 |  19.5 |      15 |       4 |  21.1
        D:2 |      29 |       0 |   0.0 |      17 |       0 |   0.0
            +---------+---------+-------+---------+---------+-------
